 Dungeon Crawl Stone Soup version 0.17-a0-1230-g8afc29e (webtiles) character file.

8809 Chiseanne the Fighter (level 11, 0/73 HPs)
             Began as a Demonspawn Wanderer on June 4, 2015.
             Was a High Priest of Dithmenos.
             Slain by an eight-headed hydra (8 damage)
             ... on level 11 of the Dungeon on June 5, 2015.
             The game lasted 00:42:01 (11133 turns).

Chiseanne the Fighter (Demonspawn Wanderer)        Turns: 11133, Time: 00:42:01

Health: 0/73       AC: 15    Str: 15    XL:     11   Next: 14%
Magic:  14/14      EV: 19    Int: 13    God:    Dithmenos [*****.]
Gold:   38         SH:  0    Dex: 14    Spells: 0 memorised, 10 levels left

rFire  . . .     SeeInvis +     a - +3 trident (venom)
rCold  . . .     Clarity  .     O - troll hide
rNeg   + + +     SustAt   .     (no shield)
rPois  .         Gourm    .     H - +3 crown of Eternal Torment {rTorment HP-- rN+++ SInv *Curse} (curse)
rElec  .         Spirit   .     G - +1 cloak {+Inv}
rCorr  .         Warding  .     p - +1 pair of gloves
rMut   .         Stasis   .     v - +0 pair of boots
MR     .....                    J - amulet of rage
Stlth  ++++++++..               j - +4 ring of protection
                                g - +3 ring of evasion

@: wreathed by umbra, not resistant to hostile enchantments, extraordinarily
stealthy
A: claws 2, hooves 1, nightstalker 2, spiny 1
a: Shadow Step, Shadow Form, Renounce Religion, Evoke Berserk Rage, Evoke
Invisibility


You were on level 11 of the Dungeon.
You worshipped Dithmenos.
Dithmenos was extremely pleased with you.
You were not hungry.

You visited 1 branch of the dungeon, and saw 11 of its levels.

You collected 365 gold pieces.
You spent 327 gold pieces at shops.

Inventory:

Hand weapons
 a - a +3 trident of venom (weapon)
 d - a +2 flail of draining
 e - a +0 hunting sling of freezing
 m - a +2 great sword
 s - a +0 mace of crushing
Missiles
 b - 2 throwing nets
 n - 221 arrows
 y - 60 bolts
 D - 57 sling bullets
 E - 17 tomahawks (quivered)
 F - 37 poisoned needles
 M - 3 javelins
 P - 8 curare-tipped needles
Armour
 p - a +1 pair of gloves (worn)
 v - a +0 pair of boots (worn)
 G - a +1 cloak of invisibility (worn)
 H - the cursed +3 crown of Eternal Torment (worn) {rTorment HP-- rN+++ SInv *Curse}
   (You found it on level 8 of the Dungeon)

   It renders you almost immune to negative energy.
   It lets you see invisible.
   It may re-curse itself when equipped.
   It has a curse placed upon it.
 O - a troll hide (worn)
Jewellery
 g - a +3 ring of evasion (left hand)
 j - a +4 ring of protection (right hand)
 x - an uncursed amulet of stasis
 J - an amulet of rage (around neck)
Magical devices
 o - a wand of cold (0)
 R - a wand of confusion (31)
Scrolls
 k - 2 scrolls of amnesia
 w - 6 scrolls of remove curse
 N - 2 scrolls of identify
 Q - a scroll of fear
Potions
 c - 5 potions of curing
 f - 3 potions of flight
 q - a potion of brilliance
 t - a potion of invisibility
 z - 2 potions of heal wounds
 B - 3 potions of haste
 I - 3 potions of magic
Books
 i - a book of the Earth

   Spells                             Type                      Level
   a - Leda's Liquefaction            Hexes/Earth                  4
   b - Bolt of Magma                  Conjuration/Fire/Earth       5
   c - Statue Form                    Transmutation/Earth          6
   d - Iron Shot                      Conjuration/Earth            6
   e - Shatter                        Earth                        9
 u - a book of Geomancy

   Spells                             Type                      Level
   a - Sandblast                      Earth                        1
   b - Stoneskin                      Transmutation/Earth          2
   c - Passwall                       Transmutation/Earth          3
   d - Stone Arrow                    Conjuration/Earth            3
   e - Petrify                        Transmutation/Earth          4
   f - Lee's Rapid Deconstruction     Earth                        5
 C - a Necronomicon {highlevel, unknown}

   This book is beyond your current level of understanding.

   Spells                             Type                      Level
   a - Haunt                          Necromancy/Summoning         7
   b - Borgnjor's Revivification      Necromancy                   8
   c - Death's Door                   Charms/Necromancy            8
   d - Necromutation                  Transmutation/Necromancy     8
 L - a book of Cantrips

   Spells                             Type                      Level
   a - Corona                         Hexes                        1
   b - Animate Skeleton               Necromancy                   1
   c - Summon Small Mammal            Summoning                    1
   d - Apportation                    Translocation                1
Miscellaneous
 S - a sack of spiders
Comestibles
 h - 7 meat rations
 l - 8 bread rations
 r - 7 slices of pizza
 A - 7 beef jerkies
 K - 2 royal jellies
 T - a chunk of flesh


   Skills:
 * Level 10.6 Fighting
 - Level 1.0 Long Blades
   Level 3.6 Axes
 - Level 5.2 Armour
 * Level 8.2 Dodging
 - Level 6.8 Stealth
 * Level 3.6 Invocations
 * Level 5.1 Evocations


You had 10 spell levels left.
You didn't know any spells.

Dungeon Overview and Level Annotations

Branches:
Dungeon (11/15)               Orc (0/4) D:10
 Temple: D:4-7         Lair: D:8-11

Altars:
Dithmenos
Fedhas
Gozag
Kikubaaqudgha
Makhleb
Nemelex Xobeh
Trog
Xom
Yredelemnul

Shops:
D:5 [   D:10 }:**

Annotations:
D:3 Sigmund
D:6 Senik's ghost, experienced HOFi


Innate Abilities, Weirdness & Mutations

You have very sharp fingernails.
You have large cloven feet.
You are significantly more attuned to the shadows.
You are partially covered in sharp spines.


Message History

The eight-headed hydra closely misses you.
The eight-headed hydra bites you. x2
* * * LOW HITPOINT WARNING * * *
The eight-headed hydra barely misses you.
The eight-headed hydra bites you.
* * * LOW HITPOINT WARNING * * *
The eight-headed hydra closely misses you.
The eight-headed hydra misses you.
The eight-headed hydra closely misses you.
You hit the eight-headed hydra.
The eight-headed hydra is poisoned.
The eight-headed hydra is almost dead.
Your shadow hits the eight-headed hydra with a trident.
The eight-headed hydra bites you.
* * * LOW HITPOINT WARNING * * *
The eight-headed hydra bites you but does no damage.
The eight-headed hydra bites you.
* * * LOW HITPOINT WARNING * * *
The eight-headed hydra bites you but does no damage.
The eight-headed hydra bites you!
You die...

........#
.........###.
.............
.............
.......D......
........@#
#......###
#......# #......#
#.....## #.....#
#.....#
#.....########
.............####.


You could see an eight-headed hydra.

Vanquished Creatures
  Pikel (D:9)
  Maurice (D:9)
  Joseph (D:9)
  2 trolls (D:9)
  A shadow (D:10)
  A deep elf mage (D:10)
  2 humans
  6 yaks (D:9)
  Eustachio (D:5)
  Grum (D:9)
  2 hungry ghosts (D:10)
  4 wolves (D:9)
  A water moccasin (D:8)
  5 ice beasts
  5 orc warriors
  3 slaves (D:9)
  3 sky beasts
  A black bear (D:7)
  A phantom (D:10)
  A centaur (D:9)
  5 ogres
  4 giant frogs
  3 scorpions
  A troll zombie (D:10)
  11 killer bees (D:7)
  9 wights
  3 crimson imps
  A centaur zombie (D:7)
  A giant frog zombie (D:7)
  2 jellies
  3 orc priests
  A quasit (D:9)
  Ijyb (D:3)
  5 hounds
  10 orc wizards
  Jessica (D:7)
  A giant frog skeleton (D:9)
  Terence (D:3)
  4 iguanas
  3 worker ants
  4 sheep (D:7)
  7 ogre zombies (D:10)
  A hound skeleton (D:10)
  7 adders
  4 gnolls (D:2)
  2 shadow imps (D:5)
  2 oozes
  2 adder skeletons
  A worm (D:2)
  6 giant geckos
  40 orcs
  A ball python (D:5)
  8 bats
  2 giant cockroaches
  21 goblins
  15 hobgoblins
  15 jackals
  14 kobolds
  4 giant newts
  2 goblin skeletons (D:10)
  A hobgoblin skeleton (D:10)
  2 hobgoblin zombies (D:10)
  A jackal skeleton (D:2)
  20 orc zombies (D:10)
  5 quokkas
  2 quokka skeletons
  23 rats
325 creatures vanquished.

Notes
Turn   | Place    | Note
--------------------------------------------------------------
     0 | D:1      | Chiseanne the Demonspawn Wanderer began the quest for the Orb.
     0 | D:1      | Chiseanne set off with: a +2 hand axe, a potion of lignification, a potion of curing, a +0 robe, a bread ration
     0 | D:1      | Reached XP level 1. HP: 13/13 MP: 2/2
   731 | D:1      | Gained mutation: You are slightly more attuned to the shadows. [demonic ancestry]
   731 | D:1      | Reached XP level 2. HP: 20/20 MP: 3/3
   735 | D:1      | Reached skill level 1 in Fighting
  1445 | D:2      | Noticed a human
  1446 | D:2      | Found a runed door.
  1462 | D:2      | Gained mutation: You have large cloven feet. [demonic ancestry]
  1462 | D:2      | Reached XP level 3. HP: 24/26 MP: 4/4
  1611 | D:2      | Reached XP level 4. HP: 3/33 MP: 5/5
  2292 | D:2      | Found a basalt altar of Yredelemnul.
  2311 | D:2      | Killed a human
  2311 | D:2      | Reached XP level 5. HP: 37/39 MP: 6/6
  2448 | D:3      | Noticed Sigmund
  2463 | D:3      | Found a shadowy altar of Dithmenos.
  2471 | D:3      | Became a worshipper of Dithmenos the Shadowed
  2507 | D:3      | Noticed Terence
  3053 | D:3      | Killed Terence
  3053 | D:3      | Reached XP level 6. HP: 37/46 MP: 7/7
  3152 | D:3      | Noticed Ijyb
  3181 | D:3      | Killed Ijyb
  4020 | D:5      | Entered Level 5 of the Dungeon
  4123 | D:5      | Noticed Eustachio
  4195 | D:5      | Killed Eustachio
  4195 | D:5      | Reached skill level 4 in Dodging
  4246 | D:5      | Gained mutation: You are partially covered in sharp spines. [demonic ancestry]
  4246 | D:5      | Reached XP level 7. HP: 17/52 MP: 8/8
  4533 | D:5      | Found Cathiotul's Antique Armour Emporium.
  5258 | D:6      | Reached skill level 5 in Dodging
  5314 | D:6      | Noticed Senik's ghost (experienced HOFi)
  5344 | D:5      | Gained mutation: You have sharp fingernails. [demonic ancestry]
  5344 | D:5      | Reached XP level 8. HP: 60/60 MP: 9/9
  5471 | D:5      | Bought a runed cloak for 139 gold pieces
  5744 | D:6      | Acquired Dithmenos's first power
  6360 | D:7      | Found a sparkling altar of Nemelex Xobeh.
  6362 | D:7      | Found a burning altar of Makhleb.
  6363 | D:7      | Found a blossoming altar of Fedhas.
  6363 | D:7      | Found an opulent altar of Gozag.
  6364 | D:7      | Found an ancient bone altar of Kikubaaqudgha.
  6364 | D:7      | Found a shimmering altar of Xom.
  6573 | D:7      | Reached skill level 6 in Dodging
  6583 | D:7      | Reached skill level 5 in Fighting
  6590 | D:7      | Reached skill level 5 in Stealth
  6706 | D:7      | Reached XP level 9. HP: 31/68 MP: 11/11
  6886 | D:7      | Found a sparkling altar of Nemelex Xobeh.
  6886 | D:7      | Noticed Jessica
  6891 | D:7      | Killed Jessica
  6921 | D:7      | Reached skill level 1 in Invocations
  7422 | D:7      | Reached skill level 7 in Dodging
  7425 | D:7      | Acquired Dithmenos's second power
  7993 | D:8      | Reached skill level 5 in Armour
  8136 | D:8      | Found a bloodstained altar of Trog.
  8252 | D:8      | Found a blossoming altar of Fedhas.
  8468 | D:9      | Noticed Grum
  8478 | D:9      | Gained mutation: You are significantly more attuned to the shadows. [demonic ancestry]
  8478 | D:9      | Reached XP level 10. HP: 58/79 MP: 12/12
  8492 | D:9      | Killed Grum
  8492 | D:9      | Reached skill level 8 in Fighting
  9134 | D:9      | Noticed Joseph
  9149 | D:9      | Killed Joseph
  9149 | D:9      | Reached skill level 9 in Fighting
  9583 | D:9      | Reached skill level 10 in Fighting
  9642 | D:9      | Acquired Dithmenos's third power
  9670 | D:9      | Noticed Pikel
  9717 | D:9      | Killed Pikel
  9973 | D:9      | Noticed Maurice
  9987 | D:9      | Killed Maurice
 10165 | D:10     | Entered Level 10 of the Dungeon
 10219 | D:10     | Found Hottocs's General Store.
 10222 | D:10     | Bought 8 curare-tipped needles for 67 gold pieces
 10222 | D:10     | Bought a scroll of fear for 49 gold pieces
 10271 | D:10     | Gained mutation: You have very sharp fingernails. [demonic ancestry]
 10271 | D:10     | Reached XP level 11. HP: 65/92 MP: 14/14
 10279 | D:10     | Found a staircase to the Orcish Mines.
 10383 | D:10     | Acquired Dithmenos's fourth power
 10408 | D:10     | Reached skill level 5 in Evocations
 10450 | D:10     | Found Wuutian's General Store.
 10456 | D:10     | Bought a scroll of identify for 24 gold pieces
 10456 | D:10     | Bought a royal jelly for 24 gold pieces
 10645 | D:10     | Found Radatof's Book Boutique.
 10656 | D:10     | Found Gepauwk's Gadget Boutique.
 10877 | D:10     | Noticed a hill giant
 11081 | D:10     | Bought a scroll of identify for 24 gold pieces
 11124 | D:11     | Noticed an eight-headed hydra
 11133 | D:11     | Slain by an eight-headed hydra

Vault maps used:
D:1:      lemuel_arrival_broad_hall
D:2:      dk_yredelemnul_ordeal
D:3:      kennysheep_the_goblin_king, lemuel_crystal_altar, first_bread,
          uniq_sigmund, uniq_terence
D:5:      serial_shops, nicolae_shop_overgrown_old_shop, serial_corexii_hall,
          corexii_hall_statues_l, corexii_hall_statues_s,
          corexii_hall_statues_i, corexii_hall_statues_i, nicolae_sextant,
          uniq_eustachio
D:6:      temple_hall
D:7:      grunt_temple_overflow_open, grunt_livestock,
          nemelex_lonely_heart_becter
D:8:      nicolae_overflow_crystal_walls, fedhas_altar_3
D:9:      uniq_grum, uniq_pikel, uniq_joseph, uniq_maurice
D:10:     zombieorc2_lemuel, serial_shops, shop, shop, kennysheep_mini,
          shop_fountains
D:11:     david_lair_shrubbed, serial_shops, shop

Action                   |  1- 3 |  4- 6 |  7- 9 | 10-12 || total
-------------------------+-------+-------+-------+-------++-------
Melee: Hand axe          |   108 |   217 |    65 |       ||   390
       Trident           |       |       |   230 |   308 ||   538
       Great sword       |       |       |    18 |       ||    18
       Mace              |       |       |    10 |       ||    10
Throw: Tomahawk          |       |     2 |     8 |     2 ||    12
Evoke: Wand              |       |       |       |     2 ||     2
  Use: Scroll            |     7 |     3 |     9 |     3 ||    22
       Potion            |     1 |     6 |     5 |       ||    12
 Stab: Sleeping          |     1 |     9 |    20 |    22 ||    52
       Distracted        |       |       |     2 |     1 ||     3
  Eat: Chunk             |     2 |     9 |    13 |    10 ||    34
